3L
OAKLAND OAKS @ HOUSTON 1837 BBC
09/24/2033
 
TOP OF THE 1ST
Oakland Oaks batting - Pitching for Houston 1837 BBC : RHP Won-u Yi
Pitching: RHP Won-u Yi
Batting: RHB Alfonso Nazario 0-0: Swinging Strike
0-1: Swinging Strike
0-2: SINGLE (Line Drive, 8LS)
Batting: RHB Mike Wazowski 0-0: Hit by Pitch
Alfonso Nazario to second
Batting: RHB Randy Contreras 0-0: Ball
1-0: Called Strike
1-1: Ball
2-1: Foul Ball, location: 2F
2-2: Ball
3-2: Strikes out looking
Batting: RHB Armando Rodríguez 0-0: Swinging Strike
0-1: Foul Ball, location: 2F
0-2: Strikes out swinging
Batting: RHB Joseph Papasogli 0-0: Called Strike
0-1: SINGLE (Line Drive, 7LS)
Alfonso Nazario to third
Mike Wazowski to second
Runner from 3rd tries for Home, SAFE, throw made home
Batting: SHB Luis Luquín 0-0: Ball
1-0: Ball
2-0: Called Strike
2-1: Fielders Choice at 2nd, 6-4 (Groundball, 6)
Top of the 1st over - 1 run, 2 hits, 0 errors, 2 left on base; Oakland 1 - Houston 0
BOTTOM OF THE 1ST
Houston 1837 BBC batting - Pitching for Oakland Oaks : RHP Merlin Bassett
Pitching: RHP Merlin Bassett
Batting: RHB Xavier Pérez 0-0: Ball
1-0: Reached on error, E4 (Groundball, 4S)
Batting: RHB Lionel McCloud 0-0: DOUBLE (Line Drive, 78D)
Xavier Pérez to third
Batting: RHB Jon Osterman 0-0: Called Strike
0-1: Foul Ball, location: 2F
0-2: Strikes out swinging
Batting: RHB Sotaro Sakata 0-0: Called Strike
0-1: Ground out 4-3 (Groundball, 4)
Xavier Pérez scores
Lionel McCloud to third
Batting: RHB Bob Dickerson 0-0: Ball
1-0: Ball
2-0: Ball
3-0: Called Strike
3-1: Base on Balls
Batting: RHB Komotay Koffie 0-0: Ball
1-0: Called Strike
1-1: Ball
2-1: Ball
3-1: Fly out, F7 (Flyball, 7S)
Bottom of the 1st over - 1 run, 1 hit, 1 error, 2 left on base; Oakland 1 - Houston 1
TOP OF THE 2ND
Oakland Oaks batting - Pitching for Houston 1837 BBC : RHP Won-u Yi
Batting: RHB Yosuke Hayashi 0-0: Foul Ball, location: 2F
0-1: Ball
1-1: Swinging Strike
1-2: Hit by Pitch
Batting: RHB Esteban Vázquez 0-0: Swinging Strike
0-1: Called Strike
0-2: Foul Ball, location: 2F
0-2: Ball
1-2: Ground out 5-3 (Groundball, 2L)
Yosuke Hayashi to second
Batting: RHB José Vargas 0-0: Swinging Strike
0-1: Called Strike
0-2: Ball
1-2: Ball
2-2: Ground out U3 (Groundball, 3S)
Yosuke Hayashi to third
Batting: RHB Alfonso Nazario 0-0: Called Strike
0-1: Called Strike
0-2: Foul Ball, location: 2F
0-2: Foul Ball, location: 2F
0-2: Ball
1-2: Fly out, F7 (Flyball, 78S)
Top of the 2nd over - 0 runs, 0 hits, 0 errors, 1 left on base; Oakland 1 - Houston 1
BOTTOM OF THE 2ND
Houston 1837 BBC batting - Pitching for Oakland Oaks : RHP Merlin Bassett
Batting: LHB Owen Sharts 0-0: TRIPLE (Flyball, 8RXD)
Batting: RHB Norm Chodorow 0-0: Called Strike
0-1: Ground out 4-3 (Groundball, 4)
Owen Sharts scores
Batting: LHB Guillermo Arellano 0-0: Ball
1-0: SINGLE (Groundball, 4MD)
Batting: RHB Xavier Pérez 0-0: Called Strike
0-1: Ball
1-1: Fly out, F7 (Flyball, 7D)
Batting: RHB Lionel McCloud 0-0: Ball
1-0: Ball
2-0: Foul Ball, location: 2F
2-1: Ball
3-1: Swinging Strike
3-2: Ground out U3 (Groundball, 34)
Bottom of the 2nd over - 1 run, 2 hits, 0 errors, 1 left on base; Oakland 1 - Houston 2
TOP OF THE 3RD
Oakland Oaks batting - Pitching for Houston 1837 BBC : RHP Won-u Yi
Batting: RHB Mike Wazowski 0-0: Ball
1-0: Called Strike
1-1: Fly out, F8 (Flyball, 8LXD)
Batting: RHB Randy Contreras 0-0: Ball
1-0: Fly out, F6 (Popup, 6D)
Batting: RHB Armando Rodríguez 0-0: Swinging Strike
0-1: Ball
1-1: Swinging Strike
1-2: Strikes out swinging
Top of the 3rd over - 0 runs, 0 hits, 0 errors, 0 left on base; Oakland 1 - Houston 2
BOTTOM OF THE 3RD
Houston 1837 BBC batting - Pitching for Oakland Oaks : RHP Merlin Bassett
Batting: RHB Jon Osterman 0-0: Ball
1-0: Fly out, F5 (Popup, 5S)
Batting: RHB Sotaro Sakata 0-0: Ground out 5-3 (Groundball, 56)
Batting: RHB Bob Dickerson 0-0: Called Strike
0-1: Foul Ball, location: 2F
0-2: Strikes out looking
Bottom of the 3rd over - 0 runs, 0 hits, 0 errors, 0 left on base; Oakland 1 - Houston 2
TOP OF THE 4TH
Oakland Oaks batting - Pitching for Houston 1837 BBC : RHP Won-u Yi
Batting: RHB Joseph Papasogli 0-0: Foul Ball, location: 2F
0-1: Ball
1-1: Ball
2-1: Fly out, F6 (Line Drive, 6)
Batting: SHB Luis Luquín 0-0: Called Strike
0-1: Ball
1-1: Fly out, F1 (Line Drive, 13)
Batting: RHB Yosuke Hayashi 0-0: Hit by Pitch
Batting: RHB Esteban Vázquez 0-0: Called Strike
0-1: Swinging Strike
0-2: Ball
1-2: Fielders Choice at 2nd, 5-4 (Groundball, 5L)
Top of the 4th over - 0 runs, 0 hits, 0 errors, 1 left on base; Oakland 1 - Houston 2
BOTTOM OF THE 4TH
Houston 1837 BBC batting - Pitching for Oakland Oaks : RHP Merlin Bassett
Batting: RHB Komotay Koffie 0-0: Ball
1-0: Fly out, F8 (Flyball, 8LXD)
Batting: LHB Owen Sharts 0-0: SOLO HOME RUN (Flyball, 9LD), Distance : 359 ft
Batting: RHB Norm Chodorow 0-0: Ball
1-0: Called Strike
1-1: Called Strike
1-2: Foul Ball, location: 2F
1-2: Strikes out looking
Batting: LHB Guillermo Arellano 0-0: Ball
1-0: Called Strike
1-1: Ball
2-1: Foul Ball, location: 2F
2-2: Foul Ball, location: 2F
2-2: Strikes out swinging
Bottom of the 4th over - 1 run, 1 hit, 0 errors, 0 left on base; Oakland 1 - Houston 3
TOP OF THE 5TH
Oakland Oaks batting - Pitching for Houston 1837 BBC : RHP Won-u Yi
Batting: RHB José Vargas 0-0: Called Strike
0-1: Ball
1-1: Foul Ball, location: 2F
1-2: Ball
2-2: Strikes out swinging
Batting: RHB Alfonso Nazario 0-0: Swinging Strike
0-1: Ball
1-1: Ground out 6-3 (Groundball, 6)
Batting: RHB Mike Wazowski 0-0: Foul Ball, location: 2F
0-1: Ball
1-1: Ball
2-1: Ground out U3 (Groundball, 34)
Top of the 5th over - 0 runs, 0 hits, 0 errors, 0 left on base; Oakland 1 - Houston 3
BOTTOM OF THE 5TH
Houston 1837 BBC batting - Pitching for Oakland Oaks : RHP Merlin Bassett
Batting: RHB Xavier Pérez 0-0: Foul Ball, location: 2F
0-1: Swinging Strike
0-2: Ball
1-2: Foul Ball, location: 2F
1-2: Foul Ball, location: 2F
1-2: Foul Ball, location: 2F
1-2: Ball
2-2: DOUBLE (Line Drive, 89D)
Batting: RHB Lionel McCloud 0-0: Called Strike
0-1: Ball
1-1: Called Strike
1-2: Ball
2-2: Foul Ball, location: 2F
2-2: Foul Ball, location: 2F
2-2: Foul Ball, location: 2F
2-2: Ball
3-2: Ground out 6-3 (Groundball, 6)
Xavier Pérez to third
Batting: RHB Jon Osterman 0-0: SINGLE (Line Drive, 56)
Xavier Pérez scores
Batting: RHB Sotaro Sakata 0-0: Fly out, F7 (Flyball, 7S)
Batting: RHB Bob Dickerson 0-0: Swinging Strike
0-1: Foul Ball, location: 2F
0-2: Ball
1-2: SINGLE (Groundball, 34D)
Jon Osterman to second
Runner from 2nd tries for 3rd, SAFE, no throw
Pinch Runner at 3rd Joey Trifone:
Batting: RHB Komotay Koffie Pickoff Throw to First - Out!
Bottom of the 5th over - 1 run, 3 hits, 0 errors, 1 left on base; Oakland 1 - Houston 4
TOP OF THE 6TH
Oakland Oaks batting - Pitching for Houston 1837 BBC : RHP Won-u Yi
Now in LF: Joey Trifone
Batting: RHB Randy Contreras 0-0: Called Strike
0-1: Foul Ball, location: 2F
0-2: Strikes out swinging
Batting: RHB Armando Rodríguez 0-0: Foul Ball, location: 2F
0-1: Called Strike
0-2: Ball
1-2: Ball
2-2: Fly out, F9 (Flyball, 9S)
Batting: RHB Joseph Papasogli 0-0: Ball
1-0: Fly out, F8 (Flyball, 78M)
Top of the 6th over - 0 runs, 0 hits, 0 errors, 0 left on base; Oakland 1 - Houston 4
BOTTOM OF THE 6TH
Houston 1837 BBC batting - Pitching for Oakland Oaks : RHP Merlin Bassett
Batting: RHB Komotay Koffie 0-0: Ball
1-0: Swinging Strike
1-1: Ball
2-1: SINGLE (Line Drive, 7)
Batting: LHB Owen Sharts 0-0: Bunted foul
0-1: Ball
1-1: Bunt missed!
1-2: Ball
2-2: Foul Ball, location: 2F
2-2: SINGLE (Groundball, 4MD)
Komotay Koffie to second
Komotay Koffie to third
Pitching: RHP Abraham van der Meulen
Batting: RHB Norm Chodorow 0-0: Called Strike
0-1: Foul Ball, location: 2F
0-2: Strikes out swinging
Batting: LHB Guillermo Arellano 0-0: Called Strike
0-1: Ball
1-1: 3-RUN HOME RUN (Flyball, 78D), Distance : 439 ft
Batting: RHB Xavier Pérez 0-0: SINGLE (Groundball, 4MD)
Batting: RHB Lionel McCloud 0-0: Called Strike
0-1: Grounds into double play, 6-4-3 (Groundball, 6)
Bottom of the 6th over - 3 runs, 4 hits, 0 errors, 0 left on base; Oakland 1 - Houston 7
TOP OF THE 7TH
Oakland Oaks batting - Pitching for Houston 1837 BBC : RHP Won-u Yi
Batting: SHB Luis Luquín 0-0: DOUBLE (Groundball, 5L)
Batting: RHB Yosuke Hayashi 0-0: Fly out, F8 (Flyball, 8RS)
Batting: RHB Esteban Vázquez 0-0: Foul Ball, location: 2F
0-1: Ground out U3 (Groundball, 34S)
Luis Luquín to third
Batting: RHB José Vargas 0-0: Ball
1-0: Foul Ball, location: 2F
1-1: Called Strike
1-2: Strikes out swinging
Top of the 7th over - 0 runs, 1 hit, 0 errors, 1 left on base; Oakland 1 - Houston 7
BOTTOM OF THE 7TH
Houston 1837 BBC batting - Pitching for Oakland Oaks : RHP Abraham van der Meulen
Batting: RHB Joey Trifone 0-0: Ball
1-0: Ball
2-0: Foul Ball, location: 2F
2-1: Foul Ball, location: 2F
2-2: Foul Ball, location: 2F
2-2: Strikes out looking
Batting: RHB Sotaro Sakata 0-0: Called Strike
0-1: Ball
1-1: Ball
2-1: Ball
3-1: Foul Ball, location: 2F
3-2: Strikes out swinging, 2-3 out at first.
Batting: RHB Bob Dickerson 0-0: Swinging Strike
0-1: Ball
1-1: Swinging Strike
1-2: Foul Ball, location: 2F
1-2: Strikes out swinging, 2-3 out at first.
Bottom of the 7th over - 0 runs, 0 hits, 0 errors, 0 left on base; Oakland 1 - Houston 7
TOP OF THE 8TH
Oakland Oaks batting - Pitching for Houston 1837 BBC : RHP Won-u Yi
Batting: RHB Alfonso Nazario 0-0: Swinging Strike
0-1: Ball
1-1: Swinging Strike
1-2: Strikes out swinging
Batting: RHB Mike Wazowski 0-0: Called Strike
0-1: Foul Ball, location: 2F
0-2: Ball
1-2: Ball
2-2: Strikes out swinging
Batting: RHB Randy Contreras 0-0: Ball
1-0: Ground out 5-3 (Groundball, 56)
Top of the 8th over - 0 runs, 0 hits, 0 errors, 0 left on base; Oakland 1 - Houston 7
BOTTOM OF THE 8TH
Houston 1837 BBC batting - Pitching for Oakland Oaks : RHP Abraham van der Meulen
Batting: RHB Komotay Koffie 0-0: Ball
1-0: Called Strike
1-1: Foul Ball, location: 2F
1-2: Ball
2-2: Foul Ball, location: 2F
2-2: Ground out 6-3 (Groundball, 6M)
Batting: LHB Owen Sharts 0-0: Called Strike
0-1: Foul Ball, location: 2F
0-2: Ball
1-2: Strikes out swinging
Batting: RHB Norm Chodorow 0-0: Ball
1-0: Foul Ball, location: 2F
1-1: Swinging Strike
1-2: Ball
2-2: Foul Ball, location: 2F
2-2: Ball
3-2: Base on Balls
Batting: LHB Guillermo Arellano 0-0: Called Strike
0-1: Ball
1-1: Ball
2-1: Swinging Strike
2-2: Strikes out swinging
Bottom of the 8th over - 0 runs, 0 hits, 0 errors, 1 left on base; Oakland 1 - Houston 7
TOP OF THE 9TH
Oakland Oaks batting - Pitching for Houston 1837 BBC : RHP Won-u Yi
Now at 1B: Juan Chávez
Batting: RHB Armando Rodríguez 0-0: Ball
1-0: Called Strike
1-1: Called Strike
1-2: Foul Ball, location: 2F
1-2: Foul Ball, location: 2F
1-2: Ball
2-2: Foul Ball, location: 2F
2-2: Ground out 6-3 (Groundball, 6)
Batting: RHB Joseph Papasogli 0-0: Ball
1-0: Ball
2-0: Called Strike
2-1: Ground out 6-3 (Groundball, 6M)
Batting: SHB Luis Luquín 0-0: Ball
1-0: Called Strike
1-1: Ball
2-1: Ball
3-1: Base on Balls
Pitching: RHP Darweshi Hadiya
Batting: RHB Yosuke Hayashi 0-0: Called Strike
0-1: Foul Ball, location: 2F
0-2: Fly out, F7 (Flyball, 78M)
Top of the 9th over - 0 runs, 0 hits, 0 errors, 1 left on base; Oakland 1 - Houston 7
Saturday, December 22nd, 2018 - OOTP Baseball 18.8 Build 76